 Dungeon Crawl Stone Soup version 0.21.1-1-g345015f (webtiles) character file.

165 zishaf the Slinger (level 5, 0/34 HPs)
             Began as a Halfling Hunter on May 18, 2018.
             Slain by a shadow imp (6 damage)
             ... summoned by Natasha
             ... on level 2 of the Dungeon.
             The game lasted 00:03:47 (1671 turns).

zishaf the Slinger (Halfling Hunter)                Turns: 1671, Time: 00:03:48

Health: 0/34       AC:  0    Str: 13    XL:     5   Next: 75%
Magic:  5/5        EV: 20    Int:  9    God:
Gold:   74         SH:  0    Dex: 21    Spells: 4/4 levels left

rFire    . . .     SeeInvis .   (weapon currently unavailable)
rCold    . . .     Gourm    .   (shield currently unavailable)
rNeg     . . .     Faith    .   (armour currently unavailable)
rPois    .         Spirit   .   (helmet currently unavailable)
rElec    .         Reflect  .   (cloak currently unavailable)
rCorr    .         Harm     .   (gloves currently unavailable)
MR       .....                  (boots currently unavailable)
Stlth    ++........             l - amulet of inaccuracy (curse)
HPRegen  0.11/turn              (ring currently unavailable)
MPRegen  0.09/turn              (ring currently unavailable)

@: bat-form, flying, very quick
A: tiny, mutation resistance 1
a: no special abilities


You were on level 2 of the Dungeon.
You were very hungry.
You were in bat-form.
You visited 1 branch of the dungeon, and saw 2 of its levels.

You collected 74 gold pieces.

Inventory:

Hand Weapons
 a - a +2 hunting sling (melded)
 b - a +0 short sword
 q - a +0 dagger
Missiles
 h - 6 sling bullets
 p - 49 stones (quivered)
Armour
 c - a +0 leather armour
 s - a cursed +0 robe (melded)
Jewellery
 l - a cursed amulet of inaccuracy (around neck)
 m - a ring of protection from cold (melded)
 t - a ring of see invisible (melded)
Scrolls
 j - a scroll of immolation
 k - a scroll of enchant weapon
 r - a scroll of magic mapping
Potions
 d - a potion of cancellation {unknown}
 e - a potion of mutation {unknown}
 g - 3 potions of curing {unknown}
 n - a potion of ambrosia {unknown}
Comestibles
 f - 6 rations


   Skills:
 - Level 1.7 Fighting
 + Level 9.4 Slings
 - Level 2.1 Dodging
 - Level 1.1 Stealth


You had 4 spell levels left.
You didn't know any spells.

Dungeon Overview and Level Annotations

Branches:
Dungeon (2/15)

Altars:
Elyvilon
Trog

Annotations:
D:2 Natasha, Robin


Innate Abilities, Weirdness & Mutations

You are small and have problems with some larger weapons.
You are somewhat resistant to further mutation.


Message History

Natasha misses you.
You hit Natasha.
Natasha is severely wounded.
The crimson imp shouts, "Decamp, thou euchred base-court erk!"
Robin roars a battlecry!
The goblin goes into a battle-frenzy!
You hit Natasha but do no damage.
Natasha is severely wounded.
Natasha casts a spell.
The crimson imp hits you.
* * * LOW HITPOINT WARNING * * *
Robin closely misses you.
You hit Natasha but do no damage.
Natasha is severely wounded.
Natasha zaps a wand.
You resist with some effort. The crimson imp completely misses you.
You hit Natasha but do no damage.
Natasha is severely wounded.
The shadow imp hits you.
You die...

#.# #.# **####.
###############.# #.# *......
#...............# #.# *.#####
..############..### #.# *,* #
#.# #......###.#####.#
#.####### #.......((.......#
#..##.[.####......g.......###
##.........#...5gh###.###.#
#.............5b.# #.# #.# ##
#......)..#.#..### #.# #.# #.
#._..⌠.._...#..# #.# #.# #.
#..............# #.# #.# ##.
###.........##..#
#.###.#####..
....).....####..#
#............ #####....[#
#..# #####.######† ##
###...####..# #.# #.
.######.........# #.# ##.


You could see Robin, Natasha, a crimson imp, a shadow imp and a goblin.

Vanquished Creatures
  Jessica (D:2)
  Natasha (D:2)
  3 gnolls (D:2)
  3 adders (D:2)
  2 oozes
  A dart slug (D:1)
  3 leopard geckos
  2 ball pythons (D:2)
  3 bats (D:1)
  A giant cockroach (D:1)
  4 goblins
  6 hobgoblins
  8 jackals (D:2)
  3 kobolds
  A frilled lizard (D:1)
  3 rats (D:2)
45 creatures vanquished.

Notes
Turn   | Place    | Note
-------+----------+-------------------------------------------
     0 | D:1      | zishaf the Halfling Hunter began the quest for the Orb.
     0 | D:1      | Reached XP level 1. HP: 14/14 MP: 1/1
   110 | D:1      | Reached skill level 6 in Slings
   238 | D:1      | Reached XP level 2. HP: 19/19 MP: 2/2
   361 | D:1      | Reached skill level 7 in Slings
   361 | D:1      | Reached XP level 3. HP: 24/24 MP: 3/3
   969 | D:2      | Reached XP level 4. HP: 29/29 MP: 4/4
   977 | D:2      | Reached skill level 8 in Slings
  1130 | D:2      | Found a white marble altar of Elyvilon.
  1136 | D:2      | Noticed Jessica
  1140 | D:2      | Killed Jessica
  1140 | D:2      | Reached XP level 5. HP: 34/34 MP: 5/5
  1144 | D:2      | Found a bloodstained altar of Trog.
  1201 | D:2      | Reached skill level 9 in Slings
  1231 | D:2      | Noticed Natasha
  1239 | D:2      | Noticed Robin
  1239 | D:2      | Killed Natasha
  1273 | D:2      | Noticed Natasha
  1671 | D:2      | Slain by a shadow imp

Skill      XL: |  1  2  3  4  5 |
---------------+----------------+-----
Slings         | 6 7 8 9 |  9.4
Fighting       | |  1.7
Dodging        | |  2.1
Stealth        | |  1.1

Action                   |  1- 3 |  4- 6 || total
-------------------------+-------+-------++-------
Melee: Unarmed           |       |    16 ||    16
 Fire: Hunting sling     |    49 |   106 ||   155
  Use: Scroll            |       |     5 ||     5
  Eat: Chunk             |       |     1 ||     1
Armor: Leather armour    |     2 |       ||     2
       Robe              |       |     1 ||     1
Dodge: Dodged            |     5 |    37 ||    42
